 Dungeon Crawl Stone Soup version 0.23.1 (webtiles) character file.

Game seed: 17206060887109516017

37 PentaManta the Cutter (level 3, -1/24 HPs)
             Began as a Kobold Chaos Knight on Mar 14, 2019.
             Was a Plaything of Xom.
             Slain by a killer bee zombie (3 damage)
             ... on level 2 of the Dungeon.
             The game lasted 00:03:51 (710 turns).

PentaManta the Cutter (Kobold Chaos Knight)          Turns: 710, Time: 00:03:52

Health: -1/24      AC:  2    Str:  9    XL:     3   Next: 62%
Magic:  3/3        EV: 15    Int: 13    God:    Xom [..*...]
Gold:   68         SH:  0    Dex: 15    Spells: 2/2 levels left

rFire    . . .     SeeInvis +   a - +0 short sword (chaos)
rCold    . . .     Gourm    .   (shield restricted)
rNeg     . . .     Faith    .   i - +0 robe
rPois    .         Spirit   .   (no helmet)
rElec    .         Reflect  .   (no cloak)
rCorr    .         Harm     .   (no gloves)
MR       .....                  (no boots)
Stlth    ++........             (no amulet)
HPRegen  0.08/turn              g - ring of see invisible
MPRegen  0.08/turn              (no ring)

@: no status effects
A: small, carnivore
a: Renounce Religion


You were on level 2 of the Dungeon.
You worshipped Xom.
You were a toy of Xom.
You were full.

You visited 1 branch of the dungeon, and saw 2 of its levels.

You collected 68 gold pieces.

Inventory:

Hand Weapons
 a - a +0 short sword of chaos (weapon)
 e - a +2 dagger of speed
Armour
 i - a +0 robe (worn)
Jewellery
 g - a ring of see invisible (left hand)
Scrolls
 b - a scroll of remove curse {unknown}
 j - a scroll of amnesia {unknown}
 k - a scroll of noise {unknown}
Potions
 d - a potion of cancellation {unknown}
 f - a potion of brilliance {unknown}
 h - a potion of curing
 l - a potion of lignification {unknown}
Comestibles
 c - 5 rations


   Skills:
 + Level 3.8 Fighting
 + Level 4.5 Short Blades
 - Level 0.7 Armour
 - Level 2.4 Dodging
 * Level 2.9 Stealth


You had 2 spell levels left.
You didn't know any spells.
Your spell library was empty.

Dungeon Overview and Level Annotations

Branches:
Dungeon (2/15)

Altars:


Innate Abilities, Weirdness & Mutations

You are small and have problems with some larger weapons.
You are carnivorous and can eat meat at any time.


Message History

The killer bee zombie is severely damaged.
The killer bee zombie hits you but does no damage.
You hit the killer bee zombie.
The killer bee zombie is severely damaged.
The killer bee zombie closely misses you.
The killer bee zombie hits you.
* * * LOW HITPOINT WARNING * * *
You feel better.
The killer bee zombie closely misses you.
The killer bee zombie hits you.
* * * LOW HITPOINT WARNING * * *
You hit the killer bee zombie.
The killer bee zombie is almost destroyed.
The killer bee zombie barely misses you.
You barely miss the killer bee zombie.
The killer bee zombie is almost destroyed.
The killer bee zombie hits you.
* * * LOW HITPOINT WARNING * * *
The killer bee zombie hits you.
You die...

#....# #.#.#.#...####..
#....# #.#.#..>........
#....# #.#.......####..
#....####.#####...# ###.
#.......#.#####...###...
#....##[#.#......###....
#######.#.#......###....
#.#.#..........)..
#@#.#.........<...
#Z#.#.......###...
#.#......)..##....
#.#............#.#
#.#.(......###.#.#
#.#.........(#.#..
#.#.......##.#.###
#.#######.#.....
#.#..#...


You could see a killer bee zombie.

Vanquished Creatures
  An adder (D:1)
  4 leopard geckos
  2 bats (D:1)
  3 hobgoblins
  3 frilled lizards (D:1)
  7 goblins
  2 kobolds (D:1)
  2 rats (D:1)
24 creatures vanquished.

Notes
Turn   | Place    | Note
-------+----------+-------------------------------------------
     0 | D:1      | PentaManta the Kobold Chaos Knight began the quest for the
                  | Orb.
     0 | D:1      | Reached XP level 1. HP: 14/14 MP: 1/1
    37 | D:1      | XOM: harmless Erth miscast
    41 | D:1      | Reached skill level 1 in Stealth
    73 | D:1      | Reached XP level 2. HP: 14/19 MP: 2/2
   177 | D:1      | XOM: harmless Ice miscast
   338 | D:1      | Reached XP level 3. HP: 21/23 MP: 3/3
   710 | D:2      | Slain by a killer bee zombie

Skill      XL: |  1  2 |
---------------+-------+-----
Stealth        | 1 2 |  2.9
Fighting       | |  3.8
Short Blades   | |  4.5
Armour         | |  0.7
Dodging        | |  2.4

Action                   || total
-------------------------++-------
Melee: Short sword       ||    76
  Use: Potion            ||     2
 Stab: Sleeping          ||     2
  Eat: Chunk             ||     5
Armor: Leather armour    ||     8
       Robe              ||     7
Dodge: Dodged            ||    58
